Map: Ever Dream LE

Players

SortOf

  • Race: Zerg Zerg
  • League: Grandmaster
  • Spawn Location: 7:00

LiquidMaNa (MaNa) - Winner!

  • Race: Protoss Protoss
  • League: Grandmaster
  • Spawn Location: 1:00

Event: DreamHack SC2 Masters 2020 Summer Europe

VOD

Have the link to the VOD?

Description

Time

  • Played on: July 4, 2020, 1:20 p.m.
  • Length: 9:09

All games in this series

Show
View Real Time Build Order
Export as new Build Order

SortOf Zerg 

Build Orders: Hatch First 

Get SALT Encoding   

  12  0:00  Drone  
  13  0:12  Overlord  
  13  0:17  Drone  
  14  0:31  Drone x2  
  16  0:44  Drone  
  17  0:54  Hatchery, Drone  
  17  0:59  Drone  
  17  1:00  Extractor  
  17  1:13  Spawning Pool  
  17  1:16  Drone  
  17  1:19  Drone  
  18  1:28  Drone  
  19  1:41  Overlord  
  19  1:50  Drone  
  20  1:59  Queen  
  22  2:01  Zergling x2  
  22  2:04  Metabolic Boost  
  22  2:06  Queen  
  22  2:08  Zergling x2  
  26  2:14  Drone  
  27  2:18  Zergling x2  
  28  2:25  Zergling x2  
  28  2:29  Zergling x2  
  30  2:36  Zergling x2  
  31  2:39  Zergling x2  
  31  2:43  Hatchery  
  31  2:47  Overlord  
  31  2:51  Zergling x2  
  31  2:55  Zergling x2  
  33  3:00  Zergling x2  
  33  3:04  Zergling x2  
  35  3:11  Zergling x4  
  37  3:14  Zergling x4  
  37  3:17  Zergling x6  
  37  3:18  Zergling x2  
  43  3:26  Zergling x2  
  43  3:37  Overlord  
  42  3:43  Zergling x2  
  42  3:45  Zergling x2  
  43  3:49  Zergling x2  
  43  3:54  Zergling x2  
  43  3:55  Zergling x4  
  45  3:57  Zergling x8  
  47  4:05  Zergling x2  
  47  4:09  Zergling x6  
  48  4:16  Zergling x6  
  46  4:22  Zergling x4  
  43  4:24  Zergling x2  
  43  4:28  Zergling x2  
  44  4:31  Zergling x2  
  44  4:32  Zergling x6  
  44  4:37  Zergling x2  
  44  4:40  Zergling x4  
  44  4:43  Zergling x2  
  43  4:47  Zergling x4  
  43  4:49  Zergling x2  
  44  4:53  Zergling x2  
  44  4:58  Zergling x4  
  45  5:01  Zergling x2  
  45  5:05  Zergling x4  
  43  5:13  Zergling x4  
  42  5:14  Zergling x2  
  42  5:16  Zergling x2  
  42  5:19  Zergling x4  
  44  5:22  Zergling x2  
  44  5:27  Zergling x2  
  43  5:29  Zergling x2  
  43  5:30  Zergling x2  
  43  5:35  Zergling x4  
  42  5:42  Drone x3  
  43  5:46  Zergling x2  
  43  5:48  Zergling x2  
  45  5:50  Zergling x2  
  45  5:56  Zergling x4  
  48  5:59  Zergling x2  
  48  6:01  Zergling x2  
  50  6:06  Drone x2  
  53  6:11  Drone x3  
  53  6:15  Drone x2  
  57  6:20  Overlord  
  57  6:28  Drone, Overlord  
  58  6:33  Overlord  
  58  6:36  Spore Crawler  
  58  6:37  Spore Crawler  
  58  6:39  Spore Crawler  
  55  6:46  Zergling x8  
  57  6:49  Zergling x4  
  57  6:52  Zergling x2  
  59  6:54  Zergling x2  
  59  6:58  Drone x2  
  62  7:02  Zergling x2  
  62  7:06  Zergling x4  
  65  7:13  Drone x6  
  70  7:18  Drone x2  
  70  7:22  Drone x3  
  75  7:30  Roach Warren  
  75  7:36  Drone  
  72  7:37  Drone  
  72  7:39  Drone x4  
  72  7:43  Extractor  
  72  7:44  Extractor  
  72  7:45  Queen  
  72  7:47  Drone x2  
  72  7:53  Zergling x8  
  58  8:02  Overlord  
  58  8:12  Roach x5  
  70  8:13  Roach  
  70  8:15  Roach  
  70  8:17  Overlord  
  74  8:20  Roach, Zergling x2  
  74  8:23  Roach, Zergling x2  
  78  8:31  Roach x3  
  84  8:34  Zergling x4  
  83  8:42  Zergling x4  
  77  8:49  Zergling x2  
  77  8:50  Ravager x2  
Show
View Real Time Build Order
Export as new Build Order

LiquidMaNa Protoss - Winner!

Build Orders: 1 Gate Expand 

Get SALT Encoding   

  12  0:00  Probe  
  13  0:12  Probe  
  14  0:18  Pylon  
  14  0:24  Probe  
  15  0:33  Probe  
  15  0:41  Probe  
  16  0:45  Gateway  
  17  0:51  Probe  
  17  0:54  Assimilator  
  18  1:03  Probe  
  19  1:15  Probe  
  20  1:28  Nexus  
  20  1:35  Cybernetics Core  
  20  1:38  Probe  
  21  1:44  Assimilator  
  21  1:50  Probe  
  22  1:57  Pylon  
  22  2:02  Probe  
  22  2:05  Adept  
  23  2:08  Warp Gate  
  23  2:15  Probe  
  26  2:25  Stalker  
  26  2:27  Probe  
  26  2:29  Twilight Council  
  29  2:39  Probe  
  29  2:40  Probe  
  31  2:47  Robotics Facility  
  31  2:51  Probe  
  31  2:53  Probe  
  33  3:01  Gateway  
  33  3:04  Probe  
  33  3:05  Probe  
  35  3:10  Adept  
  37  3:19  Resonating Glaives  
  37  3:26  Shield Battery  
  37  3:30  Gateway  
  35  3:34  Shield Battery  
  35  3:36  Immortal  
  35  3:46  Pylon  
  39  3:51  Shield Battery  
  39  3:56  Zealot  
  41  4:16  Immortal  
  37  4:17  Zealot  
  37  4:20  Cybernetics Core  
  38  4:26  Probe x2  
  39  4:38  Probe x2  
  40  4:42  Pylon  
  36  4:46  Cybernetics Core  
  36  4:47  Zealot  
  36  4:51  Probe x2  
  38  4:57  Zealot  
  40  5:13  Gateway  
  38  5:18  Gateway  
  38  5:24  Probe x2  
  38  5:26  Adept  
  42  5:36  Probe  
  42  5:37  Gateway  
  42  5:38  Gateway, Warp Prism  
  42  5:41  Gateway  
  45  5:51  Sentry  
  45  5:52  Probe  
  45  5:55  Probe  
  49  6:04  Probe  
  49  6:05  Pylon  
  49  6:07  Probe  
  51  6:14  Adept  
  51  6:15  Observer  
  54  6:19  Dark Shrine  
  54  6:21  Pylon  
  54  6:23  Probe x2  
  56  6:38  Adept x3  
  62  6:40  Adept  
  62  6:43  Probe x2  
  66  6:49  Pylon  
  66  6:50  Pylon  
  66  6:52  Assimilator  
  66  6:54  Assimilator  
  66  6:58  Adept x2  
  70  7:06  Observer  
  70  7:11  Probe  
  70  7:12  Probe  
  68  7:20  Adept x4  
  76  7:24  Probe x2  
  78  7:36  Probe x2  
  80  7:44  Adept x2  
  80  7:47  Adept  
  86  7:55  Observer  
  78  7:59  Adept  
  80  8:05  Adept  
  80  8:06  Adept  
  80  8:09  Pylon  
  80  8:10  Pylon  
  80  8:12  Nexus  
  84  8:14  Pylon  
  84  8:28  Sentry  
  84  8:29  Sentry x3  
  84  8:30  Probe x2  
  94  8:36  Observer  
  88  8:49  Adept x4  
  88  8:51  Probe x2  
  88  8:54  Gateway  
  98  9:01  Gateway  
Tags
 
Add a new tag
Caveats
  • Supply blocks, unpowered buildings, or Contaminate may cause inaccurate times.
  • Supply counts are checked every 10 seconds.